SNL (28 & UNDER)
BLACKIRON DRAGONS @ GAINESVILLE GUIDOS
09/04/2030
 
TOP OF THE 1ST
BlackIron Dragons batting - Pitching for Gainesville Guidos : RHP Bill Bowen
Pitching: RHP Bill Bowen
Batting: RHB Joaquín Valenzuela 0-0: Foul Ball, location: 2F
0-1: Foul Ball, location: 2F
0-2: Ball
1-2: Ball
2-2: Foul Ball, location: 2F
2-2: Strikes out looking
Batting: RHB Bernardo Corona 0-0: Called Strike
0-1: Ball
1-1: Ball
2-1: Foul Ball, location: 2F
2-2: Foul Ball, location: 2F
2-2: Ball
3-2: Fly out, F9 (Flyball, 9D)
Batting: RHB Foster Hapgood 0-0: Foul Ball, location: 2F
0-1: Ground out 4-3 (Groundball, 4)
Top of the 1st over - 0 runs, 0 hits, 0 errors, 0 left on base; BlackIron 0 - Gainesville 0
BOTTOM OF THE 1ST
Gainesville Guidos batting - Pitching for BlackIron Dragons : RHP Ramiro Sierra
Pitching: RHP Ramiro Sierra
Batting: RHB Ramiro Santana 0-0: Foul Ball, location: 2F
0-1: Foul Ball, location: 2F
0-2: Ball
1-2: Foul Ball, location: 2F
1-2: Foul Ball, location: 2F
1-2: Ball
2-2: Ball
3-2: Fly out, F9 (Flyball, 9)
Batting: RHB Doug Coleman 0-0: Swinging Strike
0-1: Ball
1-1: SINGLE (Groundball, 6MD)
Batting: RHB César Castillo 0-0: Hit by Pitch
Doug Coleman to second
Batting: SHB José Sousa 0-0: Foul Ball, location: 2F
0-1: Fielders Choice at 2nd, 4-6 (Groundball, 4M)
Doug Coleman to third
Batting: RHB Adrián López 0-0: Called Strike
0-1: Ball
1-1: Called Strike
1-2: Ball
2-2: Ball
3-2: Base on Balls
José Sousa to second
Batting: RHB León Reynoso 0-0: Ball
1-0: Fly out, F3 (Popup, 3SF)
Bottom of the 1st over - 0 runs, 1 hit, 0 errors, 3 left on base; BlackIron 0 - Gainesville 0
TOP OF THE 2ND
BlackIron Dragons batting - Pitching for Gainesville Guidos : RHP Bill Bowen
Batting: RHB Doug O'Brien 0-0: Ball
1-0: Ball
2-0: Foul Ball, location: 2F
2-1: Ball
3-1: Fly out, F6 (Popup, 4M)
Batting: RHB Iván Granados 0-0: Ball
1-0: Ball
2-0: Called Strike
2-1: Ball
3-1: Base on Balls
Batting: RHB Randall Walker 0-0: Ball
1-0: Fielders Choice at 2nd, 1-6 (Groundball, P)
Batting: RHB Júlio Rodríguez 0-0: Called Strike
0-1: Called Strike
0-2: Foul Ball, location: 2F
0-2: Ball
Randall Walker steals 2nd base
1-2: Foul Ball, location: 2F
1-2: Ball
2-2: Ground out 5-3 (Groundball, 56)
Top of the 2nd over - 0 runs, 0 hits, 0 errors, 1 left on base; BlackIron 0 - Gainesville 0
BOTTOM OF THE 2ND
Gainesville Guidos batting - Pitching for BlackIron Dragons : RHP Ramiro Sierra
Batting: RHB Luis Reynoso 0-0: Fly out, F8 (Flyball, 8RS)
Batting: RHB James Morris 0-0: Swinging Strike
0-1: Ball
1-1: Ground out 6-3 (Groundball, 6MD)
Batting: RHB Ricardo Medina 0-0: Bunted foul
0-1: Ball
1-1: Ball
2-1: Fly out, F7 (Line Drive, 7)
Bottom of the 2nd over - 0 runs, 0 hits, 0 errors, 0 left on base; BlackIron 0 - Gainesville 0
TOP OF THE 3RD
BlackIron Dragons batting - Pitching for Gainesville Guidos : RHP Bill Bowen
Batting: RHB Mel Wells 0-0: Foul Ball, location: 2F
0-1: Foul Ball, location: 2F
0-2: Ball
1-2: SINGLE (Groundball, 6MD)
Batting: LHB Joe Baker 0-0: Ball
1-0: Ground out 4-3 (Groundball, 4S)
Mel Wells to second
Batting: RHB Joaquín Valenzuela 0-0: Ball
1-0: Called Strike
1-1: Foul Ball, location: 2F
1-2: Strikes out looking
Batting: RHB Bernardo Corona 0-0: Ball
1-0: Ball
2-0: Ground out 6-3 (Groundball, 6)
Top of the 3rd over - 0 runs, 1 hit, 0 errors, 1 left on base; BlackIron 0 - Gainesville 0
BOTTOM OF THE 3RD
Gainesville Guidos batting - Pitching for BlackIron Dragons : RHP Ramiro Sierra
Batting: RHB Ramiro Santana 0-0: Ball
1-0: Foul Ball, location: 2F
1-1: Ball
2-1: Ball
3-1: Called Strike
3-2: Strikes out swinging
Batting: RHB Doug Coleman 0-0: Ball
1-0: Ball
2-0: Swinging Strike
2-1: Swinging Strike
2-2: Strikes out swinging
Batting: RHB César Castillo 0-0: Ball
1-0: Swinging Strike
1-1: Hit by Pitch
Batting: SHB José Sousa 0-0: Foul Ball, location: 2F
0-1: Ball
1-1: Swinging Strike
1-2: 2-RUN HOME RUN (Flyball, 9D), Distance : 366 ft
Batting: RHB Adrián López 0-0: Ball
1-0: SINGLE (Line Drive, 7)
Batting: RHB León Reynoso 0-0: Swinging Strike
0-1: Ball
1-1: Ball
2-1: Ball
3-1: Base on Balls
Adrián López to second
Batting: RHB Luis Reynoso 0-0: Ball
1-0: Ball
Wild Pitch!
Adrián López to third
León Reynoso to second
2-0: Called Strike
2-1: Reached on error, E9 (Line Drive, 89S)
Adrián López scores
León Reynoso scores
Batting: RHB James Morris 0-0: Foul Ball, location: 2F
0-1: Foul Ball, location: 2F
0-2: Ball
1-2: Ground out 5-3 (Groundball, 56S)
Bottom of the 3rd over - 4 runs, 2 hits, 1 error, 1 left on base; BlackIron 0 - Gainesville 4
TOP OF THE 4TH
BlackIron Dragons batting - Pitching for Gainesville Guidos : RHP Bill Bowen
Batting: RHB Foster Hapgood 0-0: Called Strike
0-1: SINGLE (Groundball, 4MD)
Batting: RHB Doug O'Brien 0-0: Ground out 3-1 (Groundball, 34S)
Foster Hapgood to second
Batting: RHB Iván Granados 0-0: Swinging Strike
0-1: Ball
1-1: Foul Ball, location: 2F
1-2: Ball
2-2: Foul Ball, location: 2F
2-2: Foul Ball, location: 2F
2-2: Foul Ball, location: 2F
2-2: Strikes out swinging
Batting: RHB Randall Walker 0-0: Ground out 5-3 (Groundball, 56)
Top of the 4th over - 0 runs, 1 hit, 0 errors, 1 left on base; BlackIron 0 - Gainesville 4
BOTTOM OF THE 4TH
Gainesville Guidos batting - Pitching for BlackIron Dragons : RHP Ramiro Sierra
Batting: RHB Ricardo Medina 0-0: Ball
1-0: Called Strike
1-1: Ball
2-1: Ball
3-1: Foul Ball, location: 2F
3-2: SINGLE (Groundball, 56D)
Batting: RHB Ramiro Santana 0-0: Ball
1-0: Ball
Ricardo Medina steals 2nd base
2-0: Foul Ball, location: 2F
2-1: SINGLE (Line Drive, 8RS)
Ricardo Medina to third
Runner from 3rd tries for Home, SAFE, no throw
Batting: RHB Doug Coleman 0-0: Ball
1-0: SINGLE (Groundball, 56) (infield hit)
Ramiro Santana to second
Batting: RHB César Castillo 0-0: Called Strike
0-1: Swinging Strike
0-2: Ball
1-2: Ball
2-2: Foul Ball, location: 2F
2-2: Ball
3-2: Grounds into double play, 5-4-3 (Groundball, 56)
Ramiro Santana to third
Batting: SHB José Sousa 0-0: Ball
1-0: Swinging Strike
1-1: SINGLE (Flyball, 78S) - OUT at second base trying to stretch hit.
Ramiro Santana scores
Bottom of the 4th over - 2 runs, 4 hits, 0 errors, 0 left on base; BlackIron 0 - Gainesville 6
TOP OF THE 5TH
BlackIron Dragons batting - Pitching for Gainesville Guidos : RHP Bill Bowen
Batting: RHB Júlio Rodríguez 0-0: Ball
1-0: Ball
2-0: Called Strike
2-1: Foul Ball, location: 2F
2-2: Foul Ball, location: 2F
2-2: Foul Ball, location: 2F
2-2: Foul Ball, location: 2F
2-2: Ball
3-2: Base on Balls
Batting: RHB Mel Wells 0-0: Called Strike
0-1: Ball
1-1: Foul Ball, location: 2F
1-2: Ball
2-2: SINGLE (Groundball, 56D)
Júlio Rodríguez to second
Batting: LHB Joe Baker 0-0: Ball
1-0: Ball
2-0: Ball
3-0: Called Strike
3-1: Foul Ball, location: 2F
3-2: Foul Ball, location: 2F
3-2: SINGLE (Groundball, 4) (infield hit)
Júlio Rodríguez to third
Mel Wells to second
Pitching: RHP Nathan Davis
Batting: RHB Joaquín Valenzuela 0-0: Called Strike
0-1: Ball
1-1: Ball
2-1: Foul Ball, location: 2F
2-2: Ball
3-2: Foul Ball, location: 2F
3-2: SINGLE (Flyball, 9LS)
Júlio Rodríguez scores
Mel Wells to third
Joe Baker to second
Batting: RHB Bernardo Corona 0-0: Ball
1-0: Fly out, F3 (Popup, 3F)
Batting: RHB Foster Hapgood 0-0: Ball
1-0: Ball
2-0: Called Strike
2-1: Reached on error, E4 (Groundball, 4)
Mel Wells scores
Joe Baker to third
Joaquín Valenzuela to second
Batting: RHB Doug O'Brien 0-0: Hit by Pitch
Joe Baker scores
Joaquín Valenzuela to third
Foster Hapgood to second
Batting: RHB Iván Granados 0-0: Ball
1-0: Foul Ball, location: 2F
1-1: Ball
2-1: Grounds into double play, 6-4-3 (Groundball, 6)
Top of the 5th over - 3 runs, 3 hits, 1 error, 2 left on base; BlackIron 3 - Gainesville 6
BOTTOM OF THE 5TH
Gainesville Guidos batting - Pitching for BlackIron Dragons : RHP Ramiro Sierra
Pitching: RHP António Molina
Batting: RHB Adrián López 0-0: Ball
1-0: SINGLE (Line Drive, 6D)
Batting: RHB León Reynoso 0-0: Called Strike
0-1: Foul Ball, location: 2F
0-2: Ball
1-2: Foul Ball, location: 2F
1-2: Foul Ball, location: 2F
1-2: Ball
2-2: Ball
3-2: Base on Balls
Adrián López to second
Batting: RHB Luis Reynoso 0-0: Grounds into double play, 5-4-3 (Groundball, 5)
Adrián López to third
Batting: RHB James Morris 0-0: Intentional Walk
Batting: RHB Ricardo Medina 0-0: Called Strike
0-1: Foul Ball, location: 2F
0-2: DOUBLE (Line Drive, 7LM)
Adrián López scores
James Morris to third
Runner from 3rd tries for Home, SAFE, no throw
Batting: RHB Ramiro Santana 0-0: Ball
1-0: Ball
2-0: Ball
3-0: Base on Balls
Batting: RHB Doug Coleman 0-0: Foul Ball, location: 2F
0-1: Ball
1-1: Ball
2-1: Foul Ball, location: 2F
2-2: Ball
3-2: Strikes out swinging
Bottom of the 5th over - 2 runs, 2 hits, 0 errors, 2 left on base; BlackIron 3 - Gainesville 8
TOP OF THE 6TH
BlackIron Dragons batting - Pitching for Gainesville Guidos : RHP Nathan Davis
Batting: RHB Randall Walker 0-0: Ball
1-0: Ball
2-0: Ball
3-0: Base on Balls
Batting: RHB Júlio Rodríguez 0-0: Called Strike
0-1: Ball
1-1: Foul Ball, location: 2F
1-2: Foul Ball, location: 2F
1-2: Foul Ball, location: 2F
1-2: Grounds into double play, 6-4-3 (Groundball, 56)
Batting: RHB Mel Wells 0-0: Called Strike
0-1: Ball
1-1: SOLO HOME RUN (Line Drive, 7LD), Distance : 340 ft
Batting: LHB Joe Baker 0-0: Called Strike
0-1: Foul Ball, location: 2F
0-2: Strikes out swinging
Top of the 6th over - 1 run, 1 hit, 0 errors, 0 left on base; BlackIron 4 - Gainesville 8
BOTTOM OF THE 6TH
Gainesville Guidos batting - Pitching for BlackIron Dragons : RHP António Molina
Batting: RHB César Castillo 0-0: SINGLE (Groundball, 6MD)
Batting: SHB José Sousa 0-0: Ball
1-0: Ball
César Castillo steals 2nd base
2-0: Ball
3-0: Called Strike
3-1: Foul Ball, location: 2F
3-2: Fly out, F6 (Popup, 4M)
Batting: RHB Adrián López 0-0: Foul Ball, location: 2F
0-1: Ball
1-1: Ground out 6-3 (Groundball, 6)
Batting: RHB León Reynoso 0-0: Ball
1-0: Foul Ball, location: 2F
1-1: DOUBLE (Flyball, 78D)
César Castillo scores
Pitching: RHP Jorge Román
Batting: RHB Luis Reynoso 0-0: Ball
1-0: Ball
2-0: Called Strike
2-1: Ball
3-1: Called Strike
3-2: Fly out, F7 (Flyball, 7LM)
Bottom of the 6th over - 1 run, 2 hits, 0 errors, 1 left on base; BlackIron 4 - Gainesville 9
TOP OF THE 7TH
BlackIron Dragons batting - Pitching for Gainesville Guidos : RHP Nathan Davis
Batting: RHB Joaquín Valenzuela 0-0: Ball
1-0: Ball
2-0: Called Strike
2-1: Foul Ball, location: 2F
2-2: Foul Ball, location: 2F
2-2: Ball
3-2: Strikes out swinging
Batting: RHB Bernardo Corona 0-0: Ball
1-0: Hit by Pitch
Batting: RHB Foster Hapgood 0-0: Called Strike
Bernardo Corona steals 2nd base
0-1: Called Strike
0-2: 2-RUN HOME RUN (Flyball, 7D), Distance : 361 ft
Pitching: RHP Ken Edwards
Batting: RHB Doug O'Brien 0-0: Foul Ball, location: 2F
0-1: Swinging Strike
0-2: Ball
1-2: Strikes out swinging, 2-3 out at first.
Batting: RHB Iván Granados 0-0: Ball
1-0: DOUBLE (Groundball, 5L)
Batting: RHB Randall Walker 0-0: Ball
1-0: Ground out 1-3 (Groundball, 13S)
Top of the 7th over - 2 runs, 2 hits, 0 errors, 1 left on base; BlackIron 6 - Gainesville 9
BOTTOM OF THE 7TH
Gainesville Guidos batting - Pitching for BlackIron Dragons : RHP Jorge Román
Batting: RHB James Morris 0-0: SINGLE (Line Drive, 6)
Batting: RHB Ricardo Medina 0-0: Fly out, F9 (Flyball, 9)
Batting: RHB Ramiro Santana 0-0: Ball
1-0: Ball
2-0: SINGLE (Groundball, 56D)
James Morris to second
Batting: RHB Doug Coleman 0-0: Called Strike
0-1: Swinging Strike
0-2: Ball
1-2: Strikes out swinging
Batting: RHB César Castillo 0-0: Called Strike
0-1: Ball
1-1: Ball
2-1: Called Strike
2-2: Strikes out swinging
Bottom of the 7th over - 0 runs, 2 hits, 0 errors, 2 left on base; BlackIron 6 - Gainesville 9
TOP OF THE 8TH
BlackIron Dragons batting - Pitching for Gainesville Guidos : RHP Ken Edwards
Batting: RHB Júlio Rodríguez 0-0: Swinging Strike
0-1: Ball
1-1: Ball
2-1: Fly out, F9 (Flyball, 89D)
Batting: RHB Mel Wells 0-0: Ball
1-0: Ball
2-0: Swinging Strike
2-1: Ball
3-1: Foul Ball, location: 2F
3-2: Strikes out swinging
Batting: LHB Joe Baker 0-0: Called Strike
0-1: Ball
1-1: Ball
2-1: Ball
3-1: Base on Balls
Batting: RHB Joaquín Valenzuela 0-0: Ball
1-0: Ball
2-0: Foul Ball, location: 2F
2-1: Foul Ball, location: 2F
2-2: Fielders Choice at 2nd, U4 (Groundball, 4M)
Top of the 8th over - 0 runs, 0 hits, 0 errors, 1 left on base; BlackIron 6 - Gainesville 9
BOTTOM OF THE 8TH
Gainesville Guidos batting - Pitching for BlackIron Dragons : RHP Jorge Román
Batting: SHB José Sousa 0-0: Ball
1-0: Swinging Strike
1-1: Called Strike
1-2: Fly out, F9 (Line Drive, 9S)
Batting: RHB Adrián López 0-0: Ball
1-0: Ball
2-0: SINGLE (Groundball, 56D)
Batting: RHB León Reynoso 0-0: Swinging Strike
0-1: Ball
1-1: Foul Ball, location: 2F
1-2: Ball
2-2: Strikes out looking
Batting: RHB Luis Reynoso 0-0: Fly out, F7 (Flyball, 7D)
Bottom of the 8th over - 0 runs, 1 hit, 0 errors, 1 left on base; BlackIron 6 - Gainesville 9
TOP OF THE 9TH
BlackIron Dragons batting - Pitching for Gainesville Guidos : RHP Ken Edwards
Pitching: RHP Pat Hanna
Batting: RHB Bernardo Corona 0-0: Ground out 5-3 (Groundball, 56)
Batting: RHB Foster Hapgood 0-0: Ball
1-0: Fly out, F9 (Flyball, 9)
Batting: RHB Doug O'Brien 0-0: Foul Ball, location: 2F
0-1: Called Strike
0-2: Strikes out swinging
Top of the 9th over - 0 runs, 0 hits, 0 errors, 0 left on base; BlackIron 6 - Gainesville 9
Saturday, April 7th, 2018 - OOTP Baseball 18.8 Build 76